 Dungeon Crawl Stone Soup version 0.25.1-2-g60ff931df9 (webtiles) character file.

Game seed: 1484757998755007071

161 sking99 the Skirmisher (level 5, -4/41 HPs)
             Began as a Demonspawn Fighter on Aug 8, 2020.
             Was an Initiate of Qazlal.
             Slain by an ogre
             ... wielding a +0 giant club
              (16 damage)
             ... on level 4 of the Dungeon.
             The game lasted 00:05:44 (3420 turns).

sking99 the Skirmisher (Demonspawn Fighter)         Turns: 3420, Time: 00:05:45

Health: -4/41      AC: 10    Str: 18    XL:     5   Next: 19%
Magic:  5/5        EV:  5    Int:  9    God:    Qazlal [......]
Gold:   203        SH: 14    Dex: 12    Spells: 4/4 levels left

rFire    . . .     SeeInvis .   a - +1 war axe
rCold    + . .     Gourm    .   c - +0 kite shield
rNeg     . . .     Faith    .   n - +0 chain mail
rPois    .         Spirit   .   u - +0 helmet
rElec    .         Reflect  +   (no cloak)
rCorr    .         Harm     .   (no gloves)
MR       .....                  (no boots)
Stlth    ..........             q - amulet of reflection
HPRegen  0.13/turn              (no ring)
MPRegen  0.09/turn              (no ring)

@: no status effects
A: cold resistance 1, freezing cloud immunity, sturdy frame 1
a: Renounce Religion


You were on level 4 of the Dungeon.
You worshipped Qazlal.
Qazlal was noncommittal.
You were not hungry.

You visited 2 branches of the dungeon, and saw 5 of its levels.

You collected 203 gold pieces.

Inventory:

Hand Weapons
 a - a +1 war axe (weapon)
Armour
 c - a +0 kite shield (worn)
 n - a +0 chain mail (worn)
 u - a +0 helmet (worn)
Jewellery
 q - an amulet of reflection (around neck)
Scrolls
 g - 2 scrolls of magic mapping
 o - a scroll of enchant weapon
Potions
 b - 2 potions of lignification
 d - a potion of degeneration {unknown}
 e - 2 potions of curing
 j - a potion of ambrosia {unknown}
 l - 2 potions of flight {unknown}
 p - a potion of heal wounds {unknown}
 s - a potion of brilliance {unknown}
Comestibles
 f - 9 rations
 h - 4 chunks of flesh


   Skills:
 + Level 3.6 Fighting
 * Level 3.3 Axes
 + Level 3.3 Armour
 + Level 3.4 Shields
 + Level 0.8 Invocations


You had 4 spell levels left.
You didn't know any spells.
Your spell library was empty.

Dungeon Overview and Level Annotations

Branches:
Dungeon (4/15)             Temple (1/1) D:4

Altars:
Ashenzari
Gozag
Hepliaklqana
Makhleb
Nemelex Xobeh
Qazlal
Sif Muna
Trog
Uskayaw
Vehumet
Wu Jian
Xom
Yredelemnul
Zin
The Shining One


Innate Abilities, Weirdness & Mutations

Your flesh is cold resistant. (rC+)
You are immune to freezing clouds.
Your movements are slightly less encumbered by armour. (ER -2)


Message History

The goblin hits you but does no damage.
You hit the goblin.
You kill the goblin!
Qazlal accepts your kill. You block the ogre's attack.
Things that are here:
a +0 dagger; a goblin corpse You hit the ogre.
The ogre is moderately wounded.
The ogre hits you with a +0 giant club!
You are too injured to fight recklessly!
Your shield and chain mail prevent you from hitting the ogre.
The ogre is moderately wounded.
You block the ogre's attack.
You hit the ogre.
The ogre is heavily wounded.
The ogre hits you with a +0 giant club!
* * * LOW HITPOINT WARNING * * *
The ogre hits you with a +0 giant club!
You die...

,,,##...##..#..#
*,* *,*
,,,,#...#..###)##
*,* *,*
***.......#* #).#
*,* *,* ###...##*
##)##*,* *,* #####
#).#*,** ******,**
*******
##.#*,,****,**,,,,,
,,,,,,*
#.#*,*,*,*********
,,,,,,*
#.##,*,,,,,,*
,,,,,,*
#@.#,,,**,,*******
,,,,,,*
##O#,*,,,,** *,,,,
,,,,,,*
********.#,*****,*
*,,,, ,******
*,,,,,,,..,,,* ***
*,,,, ,*
*,******#..*******
*,,,, ,* *,*
*,,,.>.,,,,,* *,,,,
,* *,*
*,**##.#***,* *,,,,
,* *,*
**,*<,,..,**,*
*,,,, ,* *,*
*,,,,*,**,,*,*
*,,,,


You could see an ogre.

Vanquished Creatures
  A bullfrog skeleton (D:4)
  Robin (D:4)
  2 adders (D:2)
  An ooze (D:3)
  2 worms
  2 dart slugs
  2 leopard geckos
  9 orcs
  3 giant cockroaches
  15 goblins
  8 hobgoblins
  10 bats
  7 frilled lizards
  6 kobolds
  10 rats
79 creatures vanquished.

Vanquished Creatures (others)
  A plant (D:4)
1 creature vanquished.

Grand Total: 80 creatures vanquished

Notes
Turn   | Place    | Note
-------+----------+-------------------------------------------
     0 | D:1      | sking99 the Demonspawn Fighter began the quest for the Orb.
     0 | D:1      | Reached XP level 1. HP: 18/18 MP: 1/1
   169 | D:1      | Gained mutation: Your flesh is cold resistant. (rC+)
                  | [demonic ancestry]
   169 | D:1      | Reached XP level 2. HP: 22/24 MP: 2/2
   520 | D:1      | Found a shimmering altar of Xom.
  1040 | D:2      | Found a glowing silver altar of Zin.
  1069 | D:2      | Gained mutation: You are immune to freezing clouds.
                  | [demonic ancestry]
  1069 | D:2      | Reached XP level 3. HP: 15/29 MP: 3/3
  2183 | D:3      | You fall into a shaft and drop 1 floor!
  2287 | D:3      | Gained mutation: Your movements are slightly less
                  | encumbered by armour. (ER -2) [demonic ancestry]
  2287 | D:3      | Reached XP level 4. HP: 32/35 MP: 4/4
  2357 | D:3      | Found a shattered altar of Ashenzari.
  2690 | D:3      | Found a faded altar of an unknown god.
  3180 | D:4      | Found a staircase to the Ecumenical Temple.
  3189 | Temple   | Entered the Ecumenical Temple
  3306 | Temple   | Became a worshipper of Qazlal Stormbringer
  3363 | D:4      | Noticed Robin
  3385 | D:4      | Killed Robin
  3392 | D:4      | Reached XP level 5. HP: 33/41 MP: 5/5
  3414 | D:4      | Noticed an ogre
  3420 | D:4      | Slain by an ogre

Illustrated notes

Levels and vault maps discovered:
D:1:      nzn_arrival_crosshair, layout_loops_ring, st_stairs_3,
          xom_teletrap_fun
D:2:      layout_loops_cross, nicolae_overflow_hidden_temple, first_ration
D:3:      wander_river, layout_loops_ring, nicolae_ashenzari_panopticon,
          chequers_ecumenical_altar_simple_redux
D:4:      layout_basic, lemuel_zombie_altar_kikubaaqudgha,
          minmay_temple_entry_waves, serial_forest,
          infiniplex_forest_lined_corner, infiniplex_forest_lined_room_2,
          infiniplex_forest_clump_medium, infiniplex_forest_straight_2,
          infiniplex_forest_zigzag_1, infiniplex_forest_lined_2,
          infiniplex_forest_end_2, infiniplex_forest_corner_1, uniq_robin
Temple:   dshaligram_water_room_temple

Skill      XL: |  1  2  3  4 |
---------------+-------------+-----
Axes           | 2 3 |  3.3
Shields        | 3 |  3.4
Armour         | 3 |  3.3
Fighting       | |  3.6
Invocations    | |  0.8

Action                   |  1- 3 |  4- 6 || total
-------------------------+-------+-------++-------
Melee: War axe           |   164 |   131 ||   295
  Use: Potion            |     2 |       ||     2
       Scroll            |       |     9 ||     9
  Eat: Chunk             |     4 |     5 ||     9
Armor: Scale mail        |    69 |       ||    69
       Chain mail        |     2 |    68 ||    70
Dodge: Dodged            |    47 |    30 ||    77
Block: Kite shield       |    85 |    91 ||   176
